 Dungeon Crawl Stone Soup version 0.21.1-1-g345015fe64 (webtiles) character file.

1109 Ivernyr the Vexing (level 8, -2/60 HPs)
             Began as a Gnoll Arcane Marksman on Mar 22, 2018.
             Was an Initiate of Okawaru.
             Slain by an ogre
             ... wielding a +0 giant club
              (17 damage)
             ... on level 5 of the Dungeon.
             The game lasted 01:20:07 (6213 turns).

Ivernyr the Vexing (Gnoll Arcane Marksman)          Turns: 6213, Time: 01:20:08

Health: -2/60      AC:  6    Str: 13    XL:     8   Next: 33%
Magic:  14/14      EV: 16    Int: 15    God:    Okawaru [......]
Gold:   177        SH:  0    Dex: 18    Spells: 7/15 levels left

rFire    + . .     SeeInvis .   J - +0 demon blade
rCold    . . .     Gourm    .   (no shield)
rNeg     + . .     Faith    .   y - +2 robe {rF+}
rPois    .         Spirit   .   g - +0 helmet (curse)
rElec    .         Reflect  .   n - +0 cloak
rCorr    .         Harm     .   (no gloves)
MR       +....                  (no boots)
Stlth    +++.......             r - amulet of regeneration
HPRegen  0.60/turn              i - ring of positive energy
MPRegen  0.14/turn              t - ring of protection from magic

@: lethally poisoned (-2 -> -2)
A: distributed training, fangs 1, strong nose
a: Renounce Religion


You were on level 5 of the Dungeon.
You worshipped Okawaru.
Okawaru was noncommittal.
You were not hungry.

You visited 1 branch of the dungeon, and saw 5 of its levels.

You collected 177 gold pieces.

Inventory:

Hand Weapons
 e - a +0 dagger
 J - a +0 demon blade (weapon)
Missiles
 c - 3 javelins (quivered)
 d - 7 tomahawks
 m - 17 poisoned needles
 x - 8 needles of sleeping
Armour
 g - a cursed +0 helmet (worn)
 n - a +0 cloak (worn)
 y - a +2 robe of fire resistance (worn)
Jewellery
 i - a ring of positive energy (left hand)
 r - an amulet of regeneration (around neck)
 t - a ring of protection from magic (right hand)
 B - an uncursed ring of protection from magic
Wands
 v - a wand of polymorph (12)
 F - a wand of disintegration (10)
Scrolls
 h - a scroll of remove curse {unknown}
 j - a scroll of immolation {unknown}
 k - a scroll of magic mapping {unknown}
 l - 6 scrolls of teleportation {unknown}
 s - 2 scrolls of fog {unknown}
 z - 3 scrolls of identify {unknown}
 A - a scroll of enchant weapon {unknown}
 E - a scroll of random uselessness {unknown}
Potions
 a - 3 potions of agility {unknown}
 o - a potion of lignification {unknown}
 p - 3 potions of curing {unknown}
 q - 2 potions of might {unknown}
 u - a potion of brilliance {unknown}
 w - a potion of degeneration {unknown}
 C - a potion of mutation {unknown}
 D - a potion of heal wounds {unknown}
 G - a potion of haste {unknown}
 H - a potion of invisibility {unknown}
Books
 b - a book of Debilitation

   Spells                             Type                      Level
   a - Corona                         Hexes                        1
   b - Slow                           Hexes                        2
   c - Inner Flame                    Hexes/Fire                   3
   d - Portal Projectile              Hexes/Translocation          3
   e - Cause Fear                     Hexes                        4
   f - Leda's Liquefaction            Hexes/Earth                  4
Comestibles
 f - 9 rations
 I - 2 chunks of flesh


   Skills:
 + Level 4.1 Fighting
 + Level 3.1 Short Blades
 + Level 3.1 Long Blades
 + Level 3.1 Axes
 + Level 3.1 Maces & Flails
 + Level 3.1 Polearms
 + Level 3.1 Staves
 + Level 3.1 Slings
 + Level 3.1 Bows
 + Level 3.1 Crossbows
 + Level 5.6 Throwing
 + Level 3.1 Armour
 + Level 5.6 Dodging
 + Level 3.1 Stealth
 + Level 3.1 Shields
 + Level 3.1 Unarmed Combat
 + Level 4.2 Spellcasting
 + Level 2.5 Conjurations
 + Level 6.0 Hexes
 + Level 2.5 Charms
 + Level 2.5 Summonings
 + Level 2.5 Necromancy
 + Level 2.5 Translocations
 + Level 2.5 Transmutations
 + Level 2.5 Fire Magic
 + Level 2.5 Ice Magic
 + Level 2.5 Air Magic
 + Level 2.5 Earth Magic
 + Level 2.5 Poison Magic
 + Level 3.4 Invocations
 + Level 3.1 Evocations


You had 7 spell levels left.
You knew the following spells:

 Your Spells              Type           Power        Failure   Level  Hunger
a - Corona                Hex            ###....      1%          1    None
b - Portal Projectile     Hex/Tloc       ###...       9%          3    ###....
c - Cause Fear            Hex            ###.......   14%         4    ####...


Dungeon Overview and Level Annotations

Branches:
Dungeon (5/15)             Temple (0/1) D:5

Altars:
Fedhas
Hepliaklqana
Kikubaaqudgha
Nemelex Xobeh
Okawaru
Uskayaw

Shops:
D:4 %

Annotations:
D:4 brittlin's ghost, amateur HOFi


Innate Abilities, Weirdness & Mutations

Your experience applies equally to all skills.
You have very sharp teeth.
Your uncanny sense of smell can sniff out nearby items.


Message History

Things that are here:
21 stones; an adder corpse You barely miss the ogre.
You bite the ogre, but do no damage.
The ogre is lightly wounded.
You feel sick. The ogre hits you with a giant club.
You barely miss the ogre. You bite the ogre, but do no damage.
The ogre is lightly wounded.
The ogre barely misses you.
You hit the ogre.
The ogre is moderately wounded.
You feel sick. The ogre hits you with a giant club!!
* * * LOW HITPOINT WARNING * * *
You hit the ogre.
The ogre is heavily wounded.
The ogre barely misses you.
You riposte.
You hit the ogre.
The ogre is severely wounded.
You hit the ogre. You bite the ogre, but do no damage.
The ogre is severely wounded.
The ogre hits you with a giant club!
You die...

......#
#..#..⌠...⌠..###...# #...
#.....#
#..............#...###...
...####
#..#.........#.....'..(..
...#
#..##.##.##.####...######
.### #........##.####...#
.. #.......# #.......##
... #....%.?# ###.....#
.... #.......#####.....##
.....
#.......@..........#
.....Y
........O..........######
....Z.#
.........................
...................######
...................##.#
######................#
#................###
#...................
##########....


You could see an ogre.

Vanquished Creatures
  A sky beast (D:5)
  A phantom (D:4)
  An ogre (D:4)
  A scorpion (D:4)
  A crimson imp (D:5)
  A hound (D:5)
  2 bullfrog skeletons
  3 centaur skeletons (D:4)
  An orc priest (D:4)
  Jessica (D:3)
  Natasha (thrice) (D:3)
  6 orc wizards
  4 worker ants
  A killer bee zombie (D:5)
  Robin (D:2)
  2 gnolls (D:4)
  6 adders
  A worm (D:3)
  A dart slug (D:1)
  A leopard gecko (D:1)
  10 orcs
  2 ball pythons
  5 bats
  4 giant cockroaches
  18 goblins
  6 hobgoblins
  11 jackals
  4 frilled lizards
  A jackal zombie (D:5)
  7 kobolds
  3 rats
110 creatures vanquished.

Vanquished Creatures (others)
  An orc wizard (D:5)
1 creature vanquished.

Grand Total: 111 creatures vanquished

Notes
Turn   | Place    | Note
-------+----------+-------------------------------------------
     0 | D:1      | Ivernyr the Gnoll Arcane Marksman began the quest for the Orb.
     0 | D:1      | Reached XP level 1. HP: 17/17 MP: 4/4
   289 | D:1      | Reached XP level 2. HP: 19/23 MP: 3/5
  1028 | D:1      | Reached XP level 3. HP: 24/28 MP: 5/7
  1490 | D:2      | Noticed Robin
  1504 | D:2      | Reached skill level 1 in Invocations
  1619 | D:2      | Reached skill level 1 in Short Blades
  1619 | D:2      | Reached skill level 1 in Long Blades
  1619 | D:2      | Reached skill level 1 in Axes
  1619 | D:2      | Reached skill level 1 in Maces & Flails
  1619 | D:2      | Reached skill level 1 in Polearms
  1619 | D:2      | Reached skill level 1 in Staves
  1619 | D:2      | Reached skill level 1 in Slings
  1619 | D:2      | Reached skill level 1 in Bows
  1619 | D:2      | Reached skill level 1 in Crossbows
  1619 | D:2      | Reached skill level 1 in Armour
  1619 | D:2      | Reached skill level 1 in Stealth
  1619 | D:2      | Reached skill level 1 in Shields
  1619 | D:2      | Reached skill level 1 in Unarmed Combat
  1619 | D:2      | Reached skill level 1 in Evocations
  1654 | D:2      | Killed Robin
  1654 | D:2      | Reached XP level 4. HP: 21/34 MP: 5/8
  2630 | D:3      | Reached skill level 1 in Conjurations
  2630 | D:3      | Reached skill level 1 in Charms
  2630 | D:3      | Reached skill level 1 in Summonings
  2630 | D:3      | Reached skill level 1 in Necromancy
  2630 | D:3      | Reached skill level 1 in Translocations
  2630 | D:3      | Reached skill level 1 in Transmutations
  2630 | D:3      | Reached skill level 1 in Fire Magic
  2630 | D:3      | Reached skill level 1 in Ice Magic
  2630 | D:3      | Reached skill level 1 in Air Magic
  2630 | D:3      | Reached skill level 1 in Earth Magic
  2630 | D:3      | Reached skill level 1 in Poison Magic
  2630 | D:3      | Reached XP level 5. HP: 11/40 MP: 9/9
  2757 | D:3      | Noticed Natasha
  2870 | D:3      | Killed Natasha
  3129 | D:3      | Noticed Natasha
  3153 | D:3      | Killed Natasha
  3153 | D:3      | Reached XP level 6. HP: 47/47 MP: 10/10
  3153 | D:3      | Noticed Natasha
  3160 | D:3      | Killed Natasha
  3214 | D:3      | Noticed Jessica
  3216 | D:3      | Killed Jessica
  3244 | D:3      | Found a sparkling altar of Nemelex Xobeh.
  3397 | D:3      | Found an ancient bone altar of Kikubaaqudgha.
  3702 | D:3      | Found a blossoming altar of Fedhas.
  3704 | D:3      | Noticed a dagger
  3705 | D:3      | Noticed a dagger
  3706 | D:3      | Found a hide-covered altar of Uskayaw.
  3935 | D:4      | Found Botibbyg's Food Boutique.
  3967 | D:4      | Reached skill level 5 in Throwing
  3967 | D:4      | Reached skill level 5 in Dodging
  4060 | D:4      | Noticed brittlin's ghost (amateur HOFi)
  4422 | D:4      | Reached XP level 7. HP: 49/52 MP: 10/12
  4473 | D:4      | Got an ancient robe
  4484 | D:4      | Identified the +1 robe "Nabiaps" {Int+2} (You found it on level 4 of the Dungeon)
  4519 | D:4      | Learned a level 3 spell: Portal Projectile
  4524 | D:4      | Learned a level 4 spell: Cause Fear
  4615 | D:4      | Found a hazy altar of Hepliaklqana.
  5063 | D:4      | Found an iron altar of Okawaru.
  5071 | D:4      | Became a worshipper of Warmaster Okawaru
  5496 | D:5      | Entered Level 5 of the Dungeon
  5550 | D:5      | Reached XP level 8. HP: 48/60 MP: 14/14
  5577 | D:5      | Reached skill level 6 in Hexes
  5639 | D:5      | Found a staircase to the Ecumenical Temple.
  6213 | D:5      | Slain by an ogre

Skill      XL: |  1  2  3  4  5  6  7  8 |
---------------+-------------------------+-----
Invocations    | 1 2 3 |  3.4
Short Blades   | 1 2 3 |  3.1
Long Blades    | 1 2 3 |  3.1
Axes           | 1 2 3 |  3.1
Maces & Flails | 1 2 3 |  3.1
Polearms       | 1 2 3 |  3.1
Staves         | 1 2 3 |  3.1
Slings         | 1 2 3 |  3.1
Bows           | 1 2 3 |  3.1
Crossbows      | 1 2 3 |  3.1
Armour         | 1 2 3 |  3.1
Stealth        | 1 2 3 |  3.1
Shields        | 1 2 3 |  3.1
Unarmed Combat | 1 2 3 |  3.1
Evocations     | 1 2 3 |  3.1
Spellcasting   | 3 4 |  4.2
Conjurations   | 1 2 |  2.5
Charms         | 1 2 |  2.5
Summonings     | 1 2 |  2.5
Necromancy     | 1 2 |  2.5
Translocations | 1 2 |  2.5
Transmutations | 1 2 |  2.5
Fire Magic     | 1 2 |  2.5
Ice Magic      | 1 2 |  2.5
Air Magic      | 1 2 |  2.5
Earth Magic    | 1 2 |  2.5
Poison Magic   | 1 2 |  2.5
Fighting       | 3 4 |  4.1
Throwing       | 5 |  5.6
Dodging        | 5 |  5.6
Hexes          | 6 |  6.0

Action                   |  1- 3 |  4- 6 |  7- 9 || total
-------------------------+-------+-------+-------++-------
Melee: Unarmed           |    23 |       |       ||    23
       Dagger            |   186 |   371 |   289 ||   846
       Bite              |    26 |    50 |    36 ||   112
       Punch             |       |     4 |     5 ||     9
       Demon blade       |       |       |    12 ||    12
Throw: Javelin           |       |    19 |    17 ||    36
       Throwing net      |       |     5 |       ||     5
       Tomahawk          |       |       |    23 ||    23
 Cast: Corona            |    33 |    37 |    42 ||   112
Evoke: Wand              |       |     4 |     3 ||     7
 Stab: Sleeping          |       |     3 |     5 ||     8
       Held in net/web   |       |     1 |       ||     1
  Eat: Chunk             |     3 |     9 |     7 ||    19
Armor: Robe              |    45 |    82 |    62 ||   189
       Skin              |       |     1 |       ||     1
Dodge: Dodged            |   132 |   282 |   234 ||   648
       Rpst.: Demon blade |       |       |     4 ||     4
